TOP OF THE 1ST |
Detroit Dirty Snow batting - Pitching for El Paso Texans : RHP Carlos Díaz
|
Pitching: RHP Carlos Díaz
|
|
Batting: RHB Carlos Salas
|
0-0: Ball 1-0: Fly out, F6 (Popup, 6D)
|
Batting: RHB Carlos Rocha
|
0-0: Called Strike 0-1: Foul Ball, location: 2F 0-2: Ball 1-2: Ball 2-2: Foul Ball, location: 2F 2-2: SINGLE (Line Drive, 56)
|
Batting: SHB Alan Garland
|
0-0: Ball 1-0: Called Strike 1-1: Ball 2-1: Ball 3-1: Foul Ball, location: 2F 3-2: Fielders Choice at 2nd, 4-6 (Groundball, 34)
|
Batting: RHB Arturo Jiménez
|
0-0: Called Strike 0-1: Foul Ball, location: 2F 0-2: Ball 1-2: Strikes out swinging
|
Top of the 1st over - 0 run(s), 1 hit(s), 0 error(s), 1 left on base; Detroit 0 - El Paso 0 |
BOTTOM OF THE 1ST |
El Paso Texans batting - Pitching for Detroit Dirty Snow : RHP Keith Heffner
|
Pitching: RHP Keith Heffner
|
|
Batting: SHB Rick Hinton
|
0-0: Ball 1-0: Fly out, F6 (Popup, 6D)
|
Batting: LHB William Foley
|
0-0: Ball 1-0: Foul Ball, location: 2F 1-1: Ball 2-1: Fly out, F8 (Flyball, 78M)
|
Batting: RHB Marvin Johnson
|
0-0: Ball 1-0: Ball 2-0: Ball 3-0: Called Strike 3-1: Called Strike 3-2: DOUBLE (Line Drive, 9LS)
|
Batting: RHB José Murillo
|
0-0: Ball 1-0: Ground out 4-3 (Groundball, 4)
|
Bottom of the 1st over - 0 run(s), 1 hit(s), 0 error(s), 1 left on base; Detroit 0 - El Paso 0 |
TOP OF THE 2ND |
Detroit Dirty Snow batting - Pitching for El Paso Texans : RHP Carlos Díaz
|
Batting: SHB Cristián López
|
0-0: Called Strike 0-1: SINGLE (Groundball, 34D)
|
Batting: RHB Charlie O'Farrell
|
0-0: Ball 1-0: Called Strike 1-1: Called Strike 1-2: Foul Ball, location: 2F 1-2: Strikes out swinging
|
Batting: RHB Paul Liddle
|
0-0: Ball 1-0: Foul Ball, location: 2F 1-1: Foul Ball, location: 2F 1-2: Ball 2-2: Ball Cristián López steals 2nd base 3-2: Reached on error, E5 (Groundball, 56) Cristián López to third
|
Batting: RHB Cristo Souza
|
0-0: Swinging Strike 0-1: Ball 1-1: Ball 2-1: Foul Ball, location: 2F 2-2: Strikes out swinging
|
Batting: RHB Jorge López
|
0-0: Called Strike 0-1: Ball 1-1: Ball 2-1: Ball 3-1: Called Strike 3-2: Strikes out looking
|
Top of the 2nd over - 0 run(s), 1 hit(s), 1 error(s), 2 left on base; Detroit 0 - El Paso 0 |
BOTTOM OF THE 2ND |
El Paso Texans batting - Pitching for Detroit Dirty Snow : RHP Keith Heffner
|
Batting: LHB Roberto Félix
|
0-0: Called Strike 0-1: Swinging Strike 0-2: Ball 1-2: Fly out, F6 (Popup, 6MD)
|
Batting: RHB Javier Álvarez
|
0-0: Ball 1-0: Ball 2-0: Ball 3-0: Base on Balls
|
Batting: LHB Cipriano Rangel
|
0-0: Ball 1-0: Ball 2-0: Ball 3-0: Called Strike 3-1: Base on Balls Javier Álvarez to second
|
Batting: SHB Oliver Riley
|
0-0: Called Strike 0-1: Ball 1-1: Fly out, F6 (Popup, 5D)
|
Batting: LHB Michael Melton
|
0-0: Ball 1-0: Ground out 1-3 (Groundball, 15)
|
Bottom of the 2nd over - 0 run(s), 0 hit(s), 0 error(s), 2 left on base; Detroit 0 - El Paso 0 |
TOP OF THE 3RD |
Detroit Dirty Snow batting - Pitching for El Paso Texans : RHP Carlos Díaz
|
Batting: RHB Carlos Salas
|
0-0: Ball 1-0: Bunt missed! 1-1: Called Strike 1-2: Foul Ball, location: 2F 1-2: Strikes out looking
|
Batting: RHB Carlos Rocha
|
0-0: Called Strike 0-1: Fly out, F7 (Flyball, 7)
|
Batting: SHB Alan Garland
|
0-0: Ball 1-0: Foul Ball, location: 2F 1-1: Ball 2-1: Swinging Strike 2-2: Fly out, F7 (Flyball, 7LM)
|
Top of the 3rd over - 0 run(s), 0 hit(s), 0 error(s), 0 left on base; Detroit 0 - El Paso 0 |
BOTTOM OF THE 3RD |
El Paso Texans batting - Pitching for Detroit Dirty Snow : RHP Keith Heffner
|
Batting: SHB Rick Hinton
|
0-0: Ball 1-0: Ball 2-0: Fly out, F6 (Popup, 6)
|
Batting: LHB William Foley
|
0-0: Ball 1-0: Called Strike 1-1: Ball 2-1: Ball 3-1: Base on Balls
|
Batting: RHB Marvin Johnson
|
0-0: Ball 1-0: Ball 2-0: 2-RUN HOME RUN (Flyball, 7D), Distance : 417 ft
|
Batting: RHB José Murillo
|
0-0: Called Strike 0-1: Ball 1-1: Swinging Strike 1-2: SINGLE (Line Drive, 7S)
|
Batting: LHB Roberto Félix
|
0-0: Ball 1-0: Called Strike 1-1: Ball 2-1: Foul Ball, location: 2F 2-2: SINGLE (Line Drive, 6MD) José Murillo to second
|
Batting: RHB Javier Álvarez
|
0-0: Ball 1-0: SINGLE (Groundball, 56D) José Murillo to third Roberto Félix to second Runner from 3rd tries for Home, SAFE, no throw
|
Batting: LHB Cipriano Rangel
|
0-0: Ball Roberto Félix steals 3rd base Javier Álvarez to second 1-0: Fly out, F9 (Flyball, 9LM) Runner from 3rd tags up, SCORES, throw made
|
Batting: SHB Oliver Riley
|
0-0: Ball 1-0: Ball 2-0: Called Strike 2-1: Ball 3-1: Swinging Strike 3-2: Foul Ball, location: 2F 3-2: Foul Ball, location: 2F 3-2: Base on Balls
|
Batting: LHB Michael Melton
|
0-0: Swinging Strike 0-1: Ball 1-1: SINGLE (Flyball, 78M) Javier Álvarez to third Oliver Riley to second
|
Batting: SHB Rick Hinton
|
0-0: Called Strike 0-1: Fly out, F2 (Popup, 3S)
|
Bottom of the 3rd over - 4 run(s), 5 hit(s), 0 error(s), 3 left on base; Detroit 0 - El Paso 4 |
TOP OF THE 4TH |
Detroit Dirty Snow batting - Pitching for El Paso Texans : RHP Carlos Díaz
|
Batting: RHB Arturo Jiménez
|
0-0: Called Strike 0-1: Ground out 4-3 (Groundball, 4)
|
Batting: SHB Cristián López
|
0-0: Called Strike 0-1: Ball 1-1: Foul Ball, location: 2F 1-2: Ball 2-2: Foul Ball, location: 2F 2-2: Ball 3-2: Foul Ball, location: 2F 3-2: SINGLE (Groundball, 6) (infield hit)
|
Batting: RHB Charlie O'Farrell
|
0-0: Called Strike 0-1: Swinging Strike 0-2: Ball 1-2: Ball 2-2: Fly out, F9 (Flyball, 9LM)
|
Batting: RHB Paul Liddle
|
0-0: Reached on error, E6 (Groundball, 6) Cristián López to second
|
Batting: RHB Cristo Souza
|
0-0: Ball 1-0: Ball 2-0: Called Strike 2-1: Ball 3-1: Fly out, F5 (Popup, 5S)
|
Top of the 4th over - 0 run(s), 1 hit(s), 1 error(s), 2 left on base; Detroit 0 - El Paso 4 |
BOTTOM OF THE 4TH |
El Paso Texans batting - Pitching for Detroit Dirty Snow : RHP Keith Heffner
|
Batting: LHB William Foley
|
0-0: Foul Ball, location: 2F 0-1: Foul Ball, location: 2F 0-2: Foul Ball, location: 2F 0-2: Ground out 4-3 (Groundball, 4)
|
Batting: RHB Marvin Johnson
|
0-0: Fly out, F5 (Popup, 5L)
|
Batting: RHB José Murillo
|
0-0: Ball 1-0: Foul Ball, location: 2F 1-1: Ground out 5-3 (Groundball, 56)
|
Bottom of the 4th over - 0 run(s), 0 hit(s), 0 error(s), 0 left on base; Detroit 0 - El Paso 4 |
TOP OF THE 5TH |
Detroit Dirty Snow batting - Pitching for El Paso Texans : RHP Carlos Díaz
|
Batting: RHB Jorge López
|
0-0: Called Strike 0-1: Foul Ball, location: 2F 0-2: Foul Ball, location: 2F 0-2: Foul Ball, location: 2F 0-2: Foul Ball, location: 2F 0-2: Foul Ball, location: 2F 0-2: Ball 1-2: Ball 2-2: Strikes out swinging
|
Batting: RHB Carlos Salas
|
0-0: Called Strike 0-1: Swinging Strike 0-2: Foul Ball, location: 2F 0-2: Strikes out swinging
|
Batting: RHB Carlos Rocha
|
0-0: Foul Ball, location: 2F 0-1: Fly out, F7 (Flyball, 78S)
|
Top of the 5th over - 0 run(s), 0 hit(s), 0 error(s), 0 left on base; Detroit 0 - El Paso 4 |
BOTTOM OF THE 5TH |
El Paso Texans batting - Pitching for Detroit Dirty Snow : RHP Keith Heffner
|
Batting: LHB Roberto Félix
|
0-0: Ground out U3 (Groundball, 3)
|
Batting: RHB Javier Álvarez
|
0-0: Ball 1-0: Called Strike 1-1: Ball 2-1: Ground out 5-3 (Groundball, 56)
|
Batting: LHB Cipriano Rangel
|
0-0: Called Strike 0-1: Called Strike 0-2: Ball 1-2: Ball 2-2: Strikes out swinging
|
Bottom of the 5th over - 0 run(s), 0 hit(s), 0 error(s), 0 left on base; Detroit 0 - El Paso 4 |
TOP OF THE 6TH |
Detroit Dirty Snow batting - Pitching for El Paso Texans : RHP Carlos Díaz
|
Pitching: RHP Firmino Orsi
|
|
Batting: SHB Alan Garland
|
0-0: Foul Ball, location: 2F 0-1: Ball 1-1: Ball 2-1: Swinging Strike 2-2: Ground out U3 (Groundball, 34)
|
Batting: RHB Arturo Jiménez
|
0-0: Called Strike 0-1: Swinging Strike 0-2: Ball 1-2: Ball 2-2: Ball 3-2: Ground out 1-3 (Groundball, 15S)
|
Batting: SHB Cristián López
|
0-0: Called Strike 0-1: Ball 1-1: Swinging Strike 1-2: Strikes out swinging
|
Top of the 6th over - 0 run(s), 0 hit(s), 0 error(s), 0 left on base; Detroit 0 - El Paso 4 |
BOTTOM OF THE 6TH |
El Paso Texans batting - Pitching for Detroit Dirty Snow : RHP Keith Heffner
|
Pitching: LHP Alonso Pineda
|
|
Batting: SHB Oliver Riley
|
0-0: Ball 1-0: Ground out 6-3 (Groundball, 6)
|
Batting: LHB Michael Melton
|
0-0: Foul Ball, location: 2F 0-1: Foul Ball, location: 2F 0-2: Ball 1-2: Ground out 6-3 (Groundball, 6)
|
Batting: SHB Rick Hinton
|
0-0: Foul Ball, location: 2F 0-1: Called Strike 0-2: Strikes out swinging
|
Bottom of the 6th over - 0 run(s), 0 hit(s), 0 error(s), 0 left on base; Detroit 0 - El Paso 4 |
TOP OF THE 7TH |
Detroit Dirty Snow batting - Pitching for El Paso Texans : RHP Firmino Orsi
|
Batting: RHB Charlie O'Farrell
|
0-0: Called Strike 0-1: Ball 1-1: Ball 2-1: Ball 3-1: Base on Balls
|
Batting: RHB Paul Liddle
|
0-0: Ball Charlie O'Farrell steals 2nd base 1-0: Ball 2-0: Ground out 4-3 (Groundball, 34) Charlie O'Farrell to third
|
Batting: RHB Cristo Souza
|
0-0: Ball 1-0: Ball 2-0: Foul Ball, location: 2F 2-1: Swinging Strike 2-2: Fly out, F8 (Flyball, 8LS)
|
Batting: RHB Jorge López
|
0-0: Ball 1-0: Ball 2-0: Ball 3-0: Base on Balls
|
Batting: RHB Carlos Salas
|
0-0: Called Strike 0-1: Ball 1-1: Ball 2-1: Ball 3-1: Swinging Strike 3-2: Base on Balls Jorge López to second
|
Batting: RHB Carlos Rocha
|
0-0: Ball 1-0: Called Strike 1-1: Ball 2-1: Ball 3-1: Base on Balls Charlie O'Farrell scores Jorge López to third Carlos Salas to second
|
Batting: SHB Alan Garland
|
0-0: Called Strike 0-1: Foul Ball, location: 2F 0-2: SINGLE (Groundball, 34) (infield hit) Jorge López scores Carlos Salas to third Carlos Rocha to second
|
Pitching: RHP Ralph Miller
|
|
Batting: RHB Arturo Jiménez
|
0-0: Ball 1-0: Called Strike 1-1: Called Strike 1-2: Ground out 5-3 (Groundball, 5S)
|
Top of the 7th over - 2 run(s), 1 hit(s), 0 error(s), 3 left on base; Detroit 2 - El Paso 4 |
BOTTOM OF THE 7TH |
El Paso Texans batting - Pitching for Detroit Dirty Snow : LHP Alonso Pineda
|
Batting: LHB William Foley
|
0-0: Ball 1-0: Ball 2-0: Foul Ball, location: 2F 2-1: Ball 3-1: Fly out, F6 (Line Drive, 6M)
|
Batting: RHB Marvin Johnson
|
0-0: Called Strike 0-1: Swinging Strike 0-2: Ball 1-2: DOUBLE (Line Drive, 89D)
|
Batting: RHB José Murillo
|
0-0: Intentional Walk
|
Pinch Hitting: RHB Andrew O'Dell
|
0-0: Called Strike 0-1: Ball 1-1: Fielders Choice at 2nd, 6-4 (Groundball, 6) Marvin Johnson to third
|
Batting: RHB Javier Álvarez
|
0-0: Foul Ball, location: 2F 0-1: Fielders Choice at 2nd, 6-4 (Groundball, 6)
|
Bottom of the 7th over - 0 run(s), 1 hit(s), 0 error(s), 1 left on base; Detroit 2 - El Paso 4 |
TOP OF THE 8TH |
Detroit Dirty Snow batting - Pitching for El Paso Texans : RHP Ralph Miller
|
Now at 2B: Andrew O'Dell
|
|
Batting: SHB Cristián López
|
0-0: SINGLE (Groundball, 4M) (infield hit)
|
Batting: RHB Charlie O'Farrell
|
0-0: Ball 1-0: SINGLE (Line Drive, 9S) Cristián López to second
|
Batting: RHB Paul Liddle
|
0-0: Foul Ball, location: 2F 0-1: Sac Bunt - play at first, batter OUT! 5-3 Cristián López to third Charlie O'Farrell to second
|
Batting: RHB Cristo Souza
|
0-0: Foul Ball, location: 2F 0-1: Foul Ball, location: 2F 0-2: Ball 1-2: Ball 2-2: Foul Ball, location: 2F 2-2: Strikes out swinging
|
Batting: RHB Jorge López
|
0-0: Ball 1-0: DOUBLE (Line Drive, 7LM) Cristián López scores Charlie O'Farrell scores
|
Batting: RHB Carlos Salas
|
0-0: Ball 1-0: Swinging Strike 1-1: Ball 2-1: Swinging Strike 2-2: Strikes out swinging
|
Top of the 8th over - 2 run(s), 3 hit(s), 0 error(s), 1 left on base; Detroit 4 - El Paso 4 |
BOTTOM OF THE 8TH |
El Paso Texans batting - Pitching for Detroit Dirty Snow : LHP Alonso Pineda
|
Pinch Hitting: RHB John Wilson
|
0-0: Called Strike 0-1: Foul Ball, location: 2F 0-2: Foul Ball, location: 2F 0-2: Foul Ball, location: 2F 0-2: Strikes out looking
|
Pinch Hitting: RHB Cole Boehmer
|
0-0: Ground out 4-3 (Groundball, 4)
|
Pinch Hitting: RHB Jody Díaz
|
0-0: Foul Ball, location: 2F 0-1: Ball 1-1: Foul Ball, location: 2F 1-2: Ball 2-2: Strikes out swinging
|
Bottom of the 8th over - 0 run(s), 0 hit(s), 0 error(s), 0 left on base; Detroit 4 - El Paso 4 |
TOP OF THE 9TH |
Detroit Dirty Snow batting - Pitching for El Paso Texans : RHP Ralph Miller
|
Pitching: LHP Don MacKinlay
|
|
Now at 1B: John Fitzgerald
|
|
Now at 3B: John Wilson
|
|
Now in LF: Cole Boehmer
|
|
Batting: RHB Carlos Rocha
|
0-0: Ball 1-0: Swinging Strike 1-1: Ball 2-1: Ball 3-1: Fly out, F8 (Line Drive, 8LM)
|
Batting: SHB Alan Garland
|
0-0: Ball 1-0: Ball 2-0: Called Strike 2-1: Called Strike 2-2: Strikes out swinging
|
Batting: RHB Arturo Jiménez
|
0-0: Ground out 5-3 (Groundball, 56)
|
Top of the 9th over - 0 run(s), 0 hit(s), 0 error(s), 0 left on base; Detroit 4 - El Paso 4 |
BOTTOM OF THE 9TH |
El Paso Texans batting - Pitching for Detroit Dirty Snow : LHP Alonso Pineda
|
Pinch Hitting: RHB Ken Fingers
|
0-0: Foul Ball, location: 2F 0-1: Ball 1-1: SINGLE (Flyball, 89S)
|
Batting: LHB William Foley
|
0-0: Called Strike 0-1: Fly out, F8 (Flyball, 8LM)
|
Batting: RHB Marvin Johnson
|
0-0: Ball 1-0: Called Strike 1-1: Ball 2-1: DOUBLE (Groundball, 5L) Ken Fingers to third Runner from 3rd tries for Home, SAFE, no throw
|
Thursday, March 30th, 2017 - OOTP Baseball 17.12 Build 75
|
|